 Dungeon Crawl Stone Soup version 0.20.2-3-g29329e0561 (webtiles) character file.

195 Alfie the Shield-Bearer (level 5, 0/47 HPs)
             Began as a Minotaur Fighter on Oct 19, 2020.
             Slain by a white imp (2 damage)
             ... summoned by Natasha
             ... on level 3 of the Dungeon.
             The game lasted 00:04:15 (1605 turns).

Alfie the Shield-Bearer (Minotaur Fighter)          Turns: 1605, Time: 00:04:16

Health: 0/47       AC:  8    Str: 21    XL:     5   Next: 45%
Magic:  4/4        EV:  8    Int:  5    God:
Gold:   115        SH: 14    Dex: 10    Spells: 4/4 levels left

rFire    . . .     SeeInvis .   a - +0 long sword
rCold    . . .     Gourm    .   c - +0 shield
rNeg     . . .     Faith    .   b - +1 scale mail
rPois    .         Spirit   .   (helmet restricted)
rElec    .         Reflect  +   (no cloak)
rCorr    .         Harm     .   (no gloves)
MR       .....                  (no boots)
Stlth    ..........             i - +5 amulet of reflection
Regen    0.2/turn               (no ring)
MPRegen  0.1/turn               (no ring)

@: no status effects
A: retaliatory headbutt, horns 2
a: no special abilities


You were on level 3 of the Dungeon.
You were not hungry.

You visited 1 branch of the dungeon, and saw 3 of its levels.

You collected 115 gold pieces.

Inventory:

Hand Weapons
 a - a +0 long sword (weapon)
Armour
 b - a +1 scale mail (worn)
 c - a +0 shield (worn)
Jewellery
 i - a +5 amulet of reflection (around neck)
Scrolls
 e - 2 scrolls of identify
Potions
 d - 2 potions of might
 j - a potion of resistance {unknown}
 l - a potion of agility
Comestibles
 h - a royal jelly
 k - 4 fruits


   Skills:
 + Level 4.6 Fighting
 + Level 4.3 Long Blades
 + Level 4.2 Armour
 + Level 1.6 Dodging
 + Level 0.1 Stealth
 + Level 4.8 Shields


You had 4 spell levels left.
You didn't know any spells.

Dungeon Overview and Level Annotations

Branches:
Dungeon (3/15)

Altars:
Vehumet

Annotations:
D:3 Natasha


Innate Abilities, Weirdness & Mutations

You reflexively headbutt those who attack you in melee.
You have a pair of horns on your head.


Message History

You block the white imp's attack. The shadow imp hits you.
* * * LOW HITPOINT WARNING * * *
You block Natasha's attack. The white imp closely misses you.
You riposte.
You hit the white imp.
The white imp is moderately wounded.
The white imp gestures at you. The puff of frost hits you!
* * * LOW HITPOINT WARNING * * *
You hit Natasha but do no damage.
Natasha is moderately wounded.
You block the shadow imp's attack. Natasha claws you.
* * * LOW HITPOINT WARNING * * *
The white imp gestures at you. The puff of frost hits you!
* * * LOW HITPOINT WARNING * * *
The white imp grins evilly.
The white imp hits you.
* * * LOW HITPOINT WARNING * * *
The white imp freezes you.
You die...

'...'...))).)...'........
#...########.#..#......g#
#...# #.#.##.......#
##### #.#....(.....#
############.###........#
..........##.# #........#
#########.##.###(.#######
...######.##....55###
##.#..).#.#..#.#@h..####
.......>........5.......
...#.#.##.........#...##
...#.#..........#####.#
.....###.........<)...#
##.####...........#####
#...#.............##
###................##
+.†.................#


You could see Natasha, 2 white imps and a shadow imp.

Vanquished Creatures
  Natasha (twice) (D:3)
  2 adders (D:2)
  7 gnolls
  A worm (D:2)
  A dart slug (D:1)
  3 leopard geckos
  An orc (D:3)
  A ball python (D:1)
  3 giant cockroaches
  2 hobgoblins
  2 jackals (D:1)
  8 kobolds
  A quokka (D:3)
  6 bats
  5 frilled lizards
  3 goblins
  9 rats
57 creatures vanquished.

Vanquished Creatures (others)
  A kobold (D:3)
1 creature vanquished.

Grand Total: 58 creatures vanquished

Notes
Turn   | Place    | Note
-------+----------+-------------------------------------------
     0 | D:1      | Alfie the Minotaur Fighter began the quest for the Orb.
     0 | D:1      | Reached XP level 1. HP: 19/19 MP: 0/0
    47 | D:1      | Reached XP level 2. HP: 15/27 MP: 1/1
   883 | D:2      | Reached XP level 3. HP: 25/33 MP: 2/2
   999 | D:2      | Reached XP level 4. HP: 40/40 MP: 3/3
  1415 | D:3      | Reached skill level 1 in Dodging
  1447 | D:3      | Found a radiant altar of Vehumet.
  1494 | D:3      | Reached XP level 5. HP: 23/47 MP: 4/4
  1542 | D:3      | Noticed Natasha
  1561 | D:3      | Killed Natasha
  1564 | D:3      | Noticed Natasha
  1575 | D:3      | Killed Natasha
  1595 | D:3      | Noticed Natasha
  1605 | D:3      | HP: 2/47 [white imp[Natasha] (1)]
  1605 | D:3      | Slain by a white imp

Skill      XL: |  1  2  3  4 |
---------------+-------------+-----
Shields        | 4 |  4.8
Fighting       | 4 |  4.6
Long Blades    | 3 4 |  4.3
Dodging        | 1 |  1.6
Armour         | 4 |  4.2
Stealth        | |  0.1

Action                   |  1- 3 |  4- 6 || total
-------------------------+-------+-------++-------
Melee: Long sword        |    79 |    71 ||   150
       Headbutt          |     6 |    11 ||    17
  Use: Scroll            |     2 |     3 ||     5
       Potion            |     3 |       ||     3
  Eat: Bread ration      |       |     1 ||     1
Armor: Scale mail        |    38 |    35 ||    73
Dodge: Dodged            |    25 |    26 ||    51
Block: Shield            |    50 |    82 ||   132
       Reflection        |     4 |     4 ||     8
       Rpst.: Long sword |     3 |     6 ||     9
